 Seeded DCSS version 0.29.1-4-g47bece8355 (webtiles) character file.

Game seed: 11783567295339809362 (custom seed)

357 valliere the Sneak (level 6, 0/27 HPs)
             Began as a Felid Transmuter on Dec 5, 2022.
             Slain by an iguana (10 damage)
             ... on level 4 of the Dungeon on Dec 6, 2022.
             The game lasted 00:11:17 (4641 turns).

valliere the Sneak (Felid Transmuter)               Turns: 4641, Time: 00:11:17

Health: 0/27       AC:  4    Str: 12    XL:     6   Next: 36%
Magic:  10/10      EV: 19    Int: 15    God:
Gold:   118        SH:  0    Dex: 18    Spells: 8/9 levels left
                                        Lives:  0   Deaths: 1

rFire   . . .      SeeInvis +     - Unarmed
rCold   . . .      Faith    .   (shield unavailable)
rNeg    . . .      Spirit   .   (body armour unavailable)
rPois   .          Reflect  .   (helmet unavailable)
rElec   .          Harm     .   (cloak unavailable)
rCorr   .          Rampage  .   (gloves unavailable)
Will    .....                   (boots unavailable)
Stlth   +++.......              u - amulet of the acrobat
HPRegen 0.09/turn               l - +6 ring of strength
MPRegen 0.12/turn               e - ring of wizardry

@: quick
A: very small, claws 1, fangs 3, see invisible, speed 1, shaggy fur 2, stealthy
paws, no weapons or thrown items, no armour, multi-lived, horns 1, iridescent
scales 1
a: no special abilities


You were on level 4 of the Dungeon.
You visited 1 branch of the dungeon, and saw 4 of its levels.
You also visited: Sewer.

You collected 118 gold pieces.

Inventory:

Jewellery
 e - a ring of wizardry (right paw)
 i - a +4 ring of evasion
 l - a +6 ring of strength (left paw)
 u - an amulet of the acrobat (around neck)
Scrolls
 b - a scroll of enchant armour {unknown}
 c - a scroll of amnesia {unknown}
 d - 3 scrolls of identify {unknown}
 f - a scroll of noise {unknown}
 h - a scroll of poison {unknown}
 k - a scroll of butterflies {unknown}
 m - a scroll of blinking {unknown}
 p - a scroll of vulnerability {unknown}
 s - a scroll of summoning {unknown}
 t - a scroll of magic mapping {unknown}
 v - a scroll of immolation {unknown}
 w - 2 scrolls of teleportation {unknown}
Potions
 a - a potion of lignification
 g - 4 potions of curing {unknown}
 j - a potion of haste {unknown}
 n - a potion of degeneration {unknown}
 o - a potion of magic {unknown}
 q - a potion of mutation
 r - 2 potions of heal wounds {unknown}


   Skills:
 + Level 2.6 Fighting
 + Level 4.2 Dodging
 * Level 5.3 Stealth
 * Level 4.8 Unarmed Combat
 - Level 2.0 Spellcasting
 + Level 3.7 Transmutations


You had 8 spell levels left.
You knew the following spells:

 Your Spells              Type           Power      Damage    Failure   Level
a - Beastly Appendage     Tmut           24%        N/A       1%          1

Your spell library contained the following spells:

 Spells                   Type           Power      Damage    Failure   Level
 Wereblood                Tmut           12%        N/A       2%          2
 Spider Form              Tmut/Pois      7%         N/A       12%         3
 Sublimation of Blood     Necr           1%         N/A       13%         2
 Tukima's Dance           Hex            1%         N/A       26%         3
 Ice Form                 Ice/Tmut       7%         N/A       38%         4
 Blade Hands              Tmut           6%         N/A       45%         5
 Summon Hydra             Summ           0%         N/A       100%        7
 Portal Projectile        Hex/Tloc       Unusable   N/A       N/A         3

Dungeon Overview and Level Annotations

Branches:
Dungeon (4/15)              Sewer (visited)
 Temple: D:4-7

Altars:
Ashenzari
Cheibriados
Kikubaaqudgha
Xom

Annotations:
D:3 Ijyb


Innate Abilities, Weirdness & Mutations

You have sharp claws.
You have razor-sharp teeth.
You have supernaturally acute eyesight. (SInv)
You cover ground quickly. (Speed+)
You are covered in thick fur. (AC +2)
Your paws help you pounce on unaware monsters.
You are incapable of wielding weapons or throwing items.
You cannot wear armour.
You gain extra lives every three experience levels.
You have a pair of small horns on your head.
You are partially covered in iridescent scales. (AC +2)


Message History

Found a stone staircase leading down.
You pounce on the unaware helpless ball python!
You mangle the ball python!!
You kill the ball python!
Found 5 stones.
An iguana comes into view.
An adder comes into view.
The helpless iguana fails to defend itself.
You mangle the iguana!!
You kill the iguana!
An iguana comes into view.
A kobold comes into view. It is wielding a +0 dagger.
The iguana hisses angrily.
The adder hisses angrily.
Found a pair of gloves.
You completely miss the adder. The adder closely misses you.
You scratch the adder but do no damage. The adder closely misses you.
You scratch the adder but do no damage. The adder closely misses you.
You miss the adder. You bite the adder.
The adder is moderately wounded.
The adder bites you. The adder completely misses you.
You scratch the adder. You claw the adder.
You kill the adder!
You scratch the iguana. You headbutt the iguana.
The iguana is lightly wounded.
The iguana completely misses you.
You scratch the iguana.
The iguana is moderately wounded.
The iguana bites you!
You are too injured to fight recklessly!
You scratch the iguana.
The iguana is heavily wounded.
The iguana bites you.
You closely miss the iguana. Your headbutt misses the iguana.
The iguana is heavily wounded.
The iguana closely misses you.
You scratch the iguana.
The iguana is severely wounded.
The iguana bites you!
You die...

#.# #.# #.# #.# #.# #(# ##.#
#.# <#.########### #.#
#........# .......†...... #.#
........#
.#.#############.##### .......#
.#.................#.#.#......#
################@#.#.#.#......#
...####l#.#.. #......#
#..[....#.#.###......#
#..####.#.#..lS......###
#....#........†......
#.##..............### #
#########......# #.###...# .K#
##.#


You could see an iguana.

Vanquished Creatures
  3 kobold brigands (Sewer)
  Jessica (D:3)
  An iguana (D:4)
  3 gnolls (D:2)
  10 adders
  4 river rats
  3 worms (D:2)
  2 dart slugs
  2 endoplasms
  2 giant cockroaches
  2 goblins
  2 hobgoblins
  6 jackals (Sewer)
  3 quokkas
  10 ball pythons
  3 bats
  4 frilled lizards
  3 kobolds
  6 rats
70 creatures vanquished.

Vanquished Creatures (others)
  4 plants (Sewer)
4 creatures vanquished.

Grand Total: 74 creatures vanquished

Notes
Turn   | Place    | Note
-------+----------+-------------------------------------------
     0 | D:1      | valliere the Felid Transmuter began the quest for the Orb.
     0 | D:1      | Reached XP level 1. HP: 9/9 MP: 4/4
   521 | D:1      | Reached skill level 1 in Stealth
   714 | D:1      | Reached XP level 2. HP: 12/12 MP: 4/6
  1325 | D:2      | Reached skill level 2 in Stealth
  1343 | D:2      | Reached XP level 3. HP: 8/15 MP: 7/7
  1729 | D:2      | Gained mutation: You are partially covered in iridescent
                  | scales. (AC +2) [potion of mutation]
  1729 | D:2      | Gained mutation: You have a pair of small horns on your
                  | head. [potion of mutation]
  1747 | D:2      | Found an ancient bone altar of Kikubaaqudgha.
  1768 | D:2      | Reached XP level 4. HP: 6/19 MP: 8/8
  2040 | D:2      | Reached skill level 3 in Stealth
  2773 | D:3      | Noticed Jessica
  2777 | D:3      | Killed Jessica
  2778 | D:3      | Found a shimmering altar of Xom.
  2798 | D:3      | Reached XP level 5. HP: 20/22 MP: 9/9
  2821 | D:3      | Found a glowing drain.
  2842 | Sewer    | Entered a sewer
  2859 | Sewer    | Reached skill level 4 in Stealth
  3172 | Sewer    | Slain by a kobold brigand
  3173 | Sewer    | Reached XP level 4. HP: 0/19 MP: 8/8
  3174 | Sewer    | Reached XP level 5. HP: 22/22 MP: 9/9
  3677 | Sewer    | Reached skill level 5 in Stealth
  3677 | Sewer    | Gained mutation: You are covered in thick fur. (AC +2)
                  | [Felid growth]
  3677 | Sewer    | Reached XP level 6. HP: 10/27 MP: 10/10
  4174 | D:3      | Noticed Ijyb
  4259 | D:3      | Found a snail-covered altar of Cheibriados.
  4314 | D:3      | Found a broken altar of Ashenzari.
  4641 | D:4      | Slain by an iguana

Illustrated notes

Levels and vault maps discovered:
D:1:      scummos_arrival_hexagon, layout_basic, minmay_misc_feat_pillars,
          nrook_campfire, grunt_decor_mini_mirrors
D:2:      layout_basic, basic_altar, hex_large, minmay_tromino_v7
D:3:      layout_rooms, xom_teletrap_fun, overflow_temple_1_default,
          mainiacjoe_overflow_tiny_flanked, serial_rivers,
          chequers_serial_rivers_room_b, chequers_serial_rivers_large_a,
          chequers_serial_rivers_micro_b, chequers_serial_rivers_micro_b,
          cheibrodos_sewer_entry_sluice, uniq_ijyb, uniq_jessica
D:4:      layout_basic, nicolae_sif_muna_little_library, serial_shops,
          nicolae_shop_advertising_works [nicolae_subvault_shop_adworks],
          uniq_pikel, uniq_edmund, uniq_eustachio

Skill      XL: |  1  2  3  4  5 |
---------------+----------------+-----
Stealth        | 1 2 3 5 |  5.3
Dodging        | 3 4 |  4.2
Transmutations | 3 |  3.7
Fighting       | 2 |  2.6
Unarmed Combat | 4 |  4.8
Spellcasting   | |  2.0

Action                   |  1- 3 |  4- 6 || total
-------------------------+-------+-------++-------
Melee: Unarmed           |    66 |   182 ||   248
       Headbutt          |    12 |    25 ||    37
       Bite              |     4 |    21 ||    25
       Punch             |     3 |     4 ||     7
 Cast: Beastly Appendage |    14 |       ||    14
  Use: Potion            |     1 |     1 ||     2
 Stab: Sleeping          |     3 |     6 ||     9
Armor: Skin              |     6 |    27 ||    33
Dodge: Dodged            |    45 |   143 ||   188
